 Dungeon Crawl Stone Soup version 0.29.1-4-g47bece8355 (webtiles) character file.

Game seed: 8589783340536518831

1931 Eitelfritz the Carver (level 8, -2/69 (70) HPs)
             Began as a Minotaur Gladiator on Dec 9, 2022.
             Slain by Maggie
             ... wielding a +1 halberd of draining
              (6 damage)
             ... on level 7 of the Dungeon.
             The game lasted 00:14:53 (5948 turns).

Eitelfritz the Carver (Minotaur Gladiator)          Turns: 5948, Time: 00:14:54

HP:   -2/69 (70)    AC: 14    Str: 20    XL:     8   Next: 97%
MP:   7/7           EV:  9    Int:  7    God:
Gold: 226           SH:  0    Dex: 11    Spells: 7/7 levels left

rFire   . . .      SeeInvis .   a - +1 scimitar (elec)
rCold   . . .      Faith    .   (no shield)
rNeg    + . .      Spirit   .   F - +0 chain mail
rPois   .          Reflect  .   c - +0 hat
rElec   .          Harm     .   q - +0 cloak
rCorr   .          Rampage  .   n - +0 pair of gloves
Will    .....                   z - +0 pair of boots
Stlth   ..........              x - amulet of regeneration
HPRegen 1.01/turn               u - ring of positive energy
MPRegen 0.10/turn               (no ring)

@: lethally poisoned (-2 -> -19), mesmerised, lightly drained
A: horns 2, retaliatory headbutt
a: no special abilities


You were on level 7 of the Dungeon.
You visited 2 branches of the dungeon, and saw 8 of its levels.

You collected 226 gold pieces.

Inventory:

Hand Weapons
 a - a +1 scimitar of electrocution (weapon)
 b - a +0 sling
 C - a +0 falchion of protection
 I - a +0 shortbow
 J - a +2 trident of freezing
 L - a +0 long sword
Missiles
 d - 3 throwing nets
 e - 2 javelins (quivered)
 j - 3 atropa-tipped darts
 o - 51 stones
 A - 24 poisoned darts
Armour
 c - a +0 hat (worn)
 n - a +0 pair of gloves (worn)
 q - a +0 cloak (worn)
 y - a +0 ring mail
 z - a +0 pair of boots (worn)
 F - a +0 chain mail (worn)
Jewellery
 i - a ring of wizardry
 t - an amulet of guardian spirit
 u - a ring of positive energy (left hand)
 x - an amulet of regeneration (around neck)
 D - a ring of positive energy
Wands
 B - a wand of flame (23)
 K - a wand of acid (9)
Scrolls
 v - 3 scrolls of teleportation
Potions
 f - a potion of berserk rage
 g - a potion of flight {unknown}
 h - 3 potions of brilliance
 k - 2 potions of ambrosia {unknown}
 l - a potion of haste {unknown}
 m - a potion of resistance {unknown}
 p - 2 potions of curing {unknown}
 r - 2 potions of heal wounds {unknown}
 s - 2 potions of attraction {unknown}
 w - a potion of magic {unknown}
 E - 2 potions of lignification {unknown}
 G - 3 potions of might {unknown}
 H - a potion of mutation {unknown}


   Skills:
 + Level 5.9 Fighting
 + Level 8.6 Long Blades
 + Level 1.2 Ranged Weapons
 + Level 2.5 Throwing
 + Level 7.8 Armour
 + Level 5.8 Dodging
 + Level 1.6 Stealth


You had 7 spell levels left.
You didn't know any spells.
Your spell library contained the following spells:

 Spells                   Type           Power      Damage    Failure   Level
 Ensorcelled Hibernation  Hex/Ice        0%         N/A       99%         2
 Static Discharge         Conj/Air       0%         3-3/arc   99%         2
 Ozocubu's Armour         Ice            0%         N/A       100%        3
 Spider Form              Tmut/Pois      0%         N/A       100%        3
 Anguish                  Hex/Necr       0%         N/A       100%        4
 Lightning Bolt           Conj/Air       0%         1d11      100%        5
 Metabolic Englaciation   Hex/Ice        0%         N/A       100%        5
 Dispersal                Tloc           0%         N/A       100%        6
 Simulacrum               Ice/Necr       0%         N/A       100%        6
 Enfeeble                 Hex            0%         N/A       100%        7
 Disjunction              Tloc           0%         N/A       100%        8
 Maxwell's Capacitive Co  Air            0%         ∞         100%        8


Dungeon Overview and Level Annotations

Branches:
Dungeon (7/15)             Temple (1/1) D:4

Altars:
Dithmenos
Elyvilon
Fedhas
Gozag
Hepliaklqana
Kikubaaqudgha
Makhleb
Nemelex Xobeh
Okawaru
Ru
Sif Muna
Trog
Vehumet
Wu Jian
Zin

Annotations:
D:7 Maggie


Innate Abilities, Weirdness & Mutations

You have a pair of horns on your head.
You reflexively headbutt those who attack you in melee.


Message History

You headbutt the kobold, but do no damage.
The kobold hits you but does no damage.
The kobold hits you with a +2 whip of flaming.
The kobold burns you. Maggie closely misses you.
The kobold brigand hits you but does no damage.
You are more poisoned.
You closely miss the kobold. You punch the kobold.
You kill the kobold!
You feel very sick.
Maggie gestures wildly while chanting.
Maggie draws you further into her thrall.
The kobold misses you. You furiously retaliate!
You headbutt the kobold.
You kill the kobold!
The kobold brigand barely misses you. The kobold hits you with a +0 club.
You closely miss Maggie.
Maggie is moderately wounded.
You feel very sick. The kobold misses you. You furiously retaliate!
You headbutt the kobold. Maggie gestures at you while chanting.
The bolt of fire hits you!
* * * LOW HITPOINT WARNING * * *
The kobold brigand hits you with a +0 whip of venom.
* * * LOW HITPOINT WARNING * * *
You are lethally poisoned!
You barely miss the kobold brigand. Your punch misses the kobold brigand.
The kobold brigand is lightly wounded.
* * * LOW HITPOINT WARNING * * *
You feel very sick. Maggie hits you but does no damage. You partially resist.
The kobold brigand hits you but does no damage.
You are more poisoned.
The kobold hits you but does no damage.
You slash the kobold brigand!
Lightning courses through the kobold brigand!
The kobold brigand is severely wounded.
* * * LOW HITPOINT WARNING * * *
You feel extremely sick. The kobold closely misses you.
Maggie hits you with a +1 halberd of draining.
You die...

.. ..### ...#
#....## ....#
......
....####.....
#....#....#
#.......#
#....K.#
#..)@K.##
#..))@..##
##..)........
#...###......
##..## ##....
#..## #..#
#.## ### #.
##.# .. #..#


You could see Maggie (mesmerising), a kobold brigand and a kobold.

Vanquished Creatures
  A wraith (D:6)
  Sigmund (D:6)
  Menkaure (D:6)
  An orc warrior (D:6)
  An ice beast (D:6)
  2 sky beasts
  An ogre (D:5)
  A phantom (D:5)
  A centaur (D:6)
  A necrophage (D:6)
  8 killer bees
  A jelly (D:5)
  2 hounds (D:5)
  4 orc priests
  An iguana (D:6)
  2 orc wizards
  Robin (D:2)
  A gnoll (D:5)
  7 adders
  A shadow imp (D:4)
  A white imp (D:7)
  2 worms (D:2)
  3 dart slugs
  12 orcs
  5 bats
  6 endoplasms
  A giant cockroach (D:2)
  18 goblins
  7 hobgoblins
  2 quokkas
  5 ball pythons
  3 frilled lizards
  10 kobolds
  9 rats
123 creatures vanquished.

Notes
Turn   | Place    | Note
-------+----------+-------------------------------------------
     0 | D:1      | Eitelfritz the Minotaur Gladiator began the quest for the
                  | Orb.
     0 | D:1      | Reached XP level 1. HP: 18/18 MP: 0/0
   320 | D:1      | Reached skill level 4 in Long Blades
   395 | D:1      | Reached XP level 2. HP: 19/25 MP: 1/1
  1149 | D:2      | Found a radiant altar of Vehumet.
  1163 | D:2      | Reached XP level 3. HP: 30/30 MP: 2/2
  1784 | D:2      | Reached skill level 1 in Armour
  1956 | D:3      | Noticed Robin
  2003 | D:2      | Killed Robin
  2004 | D:2      | Reached XP level 4. HP: 29/38 MP: 3/3
  2354 | D:3      | Reached skill level 5 in Long Blades
  2367 | D:3      | Found a sparkling altar of Nemelex Xobeh.
  2675 | D:4      | Found a staircase to the Ecumenical Temple.
  2689 | Temple   | Entered the Ecumenical Temple
  2996 | D:4      | Reached XP level 5. HP: 30/45 MP: 4/4
  3381 | D:4      | Found a blossoming altar of Fedhas.
  3554 | D:5      | Entered Level 5 of the Dungeon
  3566 | D:5      | Noticed an ogre
  3582 | D:5      | Killed an ogre
  3583 | D:5      | Reached skill level 1 in Ranged Weapons
  3583 | D:5      | Reached XP level 6. HP: 28/52 MP: 5/5
  3806 | D:5      | Reached skill level 6 in Long Blades
  4343 | D:5      | Noticed a sky beast
  4357 | D:5      | Killed a sky beast
  4358 | D:5      | Reached skill level 1 in Stealth
  4358 | D:5      | Reached XP level 7. HP: 39/60 MP: 6/6
  4491 | D:6      | Noticed a wraith
  4507 | D:6      | HP: 1/60 [wraith (11)]
  4509 | D:6      | Killed a wraith
  4510 | D:6      | Reached skill level 5 in Armour
  4593 | D:6      | Reached skill level 7 in Long Blades
  4625 | D:6      | Reached skill level 5 in Dodging
  4664 | D:6      | Reached XP level 8. HP: 63/67 MP: 7/7
  4675 | D:6      | Reached skill level 5 in Fighting
  5003 | D:6      | Noticed Sigmund
  5020 | D:6      | Killed Sigmund
  5021 | D:6      | Reached skill level 8 in Long Blades
  5081 | D:6      | Noticed Menkaure
  5090 | D:6      | Killed Menkaure
  5800 | D:7      | Found an iron altar of Okawaru.
  5930 | D:7      | Noticed Maggie
  5948 | D:7      | Slain by Maggie

Illustrated notes

Levels and vault maps discovered:
D:1:      scummos_arrival_gate, layout_loops_ring
D:2:      layout_basic, basic_altar, minmay_box_of_dots
D:3:      layout_rooms, mainiacjoe_overflow_brackets,
          hangedman_decor_diamond_cutter, chequers_serial_rivers_marsh,
          kennysheep_donut, nrook_mini_vaults, uniq_robin
D:4:      layout_cave_pools, lemuel_coloured_pillars_altar,
          minmay_temple_entry_mini_moons
D:5:      minmay_evil_eye, layout_gridville, roderic_malta_cross
D:6:      layout_basic, corexii_checkpoint_a, uniq_sigmund, uniq_menkaure
D:7:      layout_layer_cave, okawaru_metal_pillars_1_2,
          minmay_unpleasant_kobolds, uniq_maggie
Temple:   minmay_temple_curvy_loop

Skill      XL: |  1  2  3  4  5  6  7  8 |
---------------+-------------------------+-----
Long Blades    | 4 5 6 7 8 |  8.6
Fighting       | 3 4 5 |  5.9
Armour         | 1 2 3 4 5 7 |  7.8
Dodging        | 4 5 |  5.8
Ranged Weapons | 1 |  1.2
Stealth        | 1 |  1.6
Throwing       | |  2.5

Action                   |  1- 3 |  4- 6 |  7- 9 || total
-------------------------+-------+-------+-------++-------
Melee: Long sword        |    91 |   133 |    89 ||   313
       Headbutt          |    14 |    12 |    25 ||    51
       Punch             |       |     1 |     3 ||     4
       Scimitar          |       |       |    49 ||    49
 Fire: Sling             |     7 |    10 |       ||    17
Throw: Javelin           |       |     4 |     5 ||     9
  Use: Scroll            |       |     9 |     2 ||    11
       Potion            |       |       |     1 ||     1
Armor: Leather armour    |    21 |       |       ||    21
       Ring mail         |    11 |    42 |    17 ||    70
       Chain mail        |       |       |    66 ||    66
Dodge: Dodged            |    52 |    98 |   119 ||   269
